 Dungeon Crawl Stone Soup version 0.29-a0-284-gf9362112df (webtiles) character file.

Game seed: 1198470743026119150

240 siradein the Grave Robber (level 5, -6/44 HPs)
             Began as a Deep Dwarf Necromancer on Mar 24, 2022.
             Mangled by Menkaure (15 damage)
             ... on level 4 of the Dungeon.
             The game lasted 00:15:25 (4283 turns).

siradein the Grave Robber (Deep Dwarf Necromancer)  Turns: 4283, Time: 00:15:25

Health: -6/44      AC:  6    Str: 12    XL:     5   Next: 79%
Magic:  7/7        EV: 11    Int: 17    God:
Gold:   132        SH:  5    Dex: 13    Spells: 1/9 levels left

rFire   . . .      SeeInvis .   n - +2 hand axe (flame)
rCold   . . .      Faith    .   (no shield)
rNeg    . . .      Spirit   .   g - +1 ring mail {rPois}
rPois   +          Reflect  +   (no helmet)
rElec   .          Harm     .   (no cloak)
rCorr   .          Rampage  .   (no gloves)
Will    +....                   (no boots)
Stlth   +.........              q - amulet of reflection
HPRegen 0.00/turn               c - ring of willpower
MPRegen 0.10/turn               (no ring)

@: no status effects
A: damage resistance, heal wounds, sense surroundings 1, no regeneration
a: Heal Wounds


You were on level 4 of the Dungeon.
You visited 1 branch of the dungeon, and saw 4 of its levels.

You collected 132 gold pieces.

Inventory:

Hand Weapons
 e - a +0 whip
 n - a +2 hand axe of flaming (weapon)
Missiles
 a - a throwing net
Armour
 g - a +1 ring mail of poison resistance (worn)
Jewellery
 c - a ring of willpower (left hand)
 q - an amulet of reflection (around neck)
Scrolls
 f - a scroll of amnesia {unknown}
 h - a scroll of noise {unknown}
 i - a scroll of teleportation {unknown}
 o - a scroll of fog
 p - a scroll of vulnerability {unknown}
 r - a scroll of immolation {unknown}
Potions
 b - a potion of magic
 d - a potion of mutation {unknown}
 j - 3 potions of curing
 l - a potion of heal wounds {unknown}


   Skills:
 + Level 1.6 Fighting
 + Level 1.4 Maces & Flails
 + Level 2.0 Armour
 + Level 3.2 Dodging
 - Level 2.4 Stealth
 + Level 2.6 Spellcasting
 * Level 5.6 Necromancy


You had one spell level left.
You knew the following spells:

 Your Spells              Type           Power      Damage    Failure   Level
a - Vampiric Draining     Necr           21%        2d7       12%         3
b - Pain                  Necr           84%        1d8       4%          1
c - Animate Dead          Necr           10%        N/A       36%         4

Your spell library contained the following spells:

 Spells                   Type           Power      Damage    Failure   Level
 Animate Skeleton         Necr           42%        N/A       4%          1
 Magic Dart               Conj           8%         1d3       38%         1
 Call Imp                 Summ           2%         N/A       52%         2
 Ensorcelled Hibernation  Hex/Ice        4%         N/A       52%         2
 Agony                    Necr           21%        N/A       73%         5
 Mephitic Cloud           Conj/Pois/Air  2%         N/A       77%         3
 Spider Form              Tmut/Pois      2%         N/A       77%         3
 Anguish                  Hex/Necr       5%         N/A       77%         4
 Haunt                    Necr/Summ      5%         N/A       100%        7
 Infestation              Necr           10%        N/A       100%        8


Dungeon Overview and Level Annotations

Branches:
Dungeon (4/15)
 Temple: D:4-7

Altars:
Dithmenos
Wu Jian

Annotations:
D:2 Sigmund
D:4 Menkaure


Innate Abilities, Weirdness & Mutations

You are resistant to damage.
You can heal yourself by infusing magical energy.
You passively map a small area around you.
You do not regenerate.


Message History

You start removing your armour.
You continue taking off your +0 leather armour. x4
You finish taking off your +0 leather armour.
You start putting on your armour.
You continue putting on your +1 ring mail of poison resistance. x5
You finish putting on your +1 ring mail of poison resistance.
You feel resistant to poison.
You drop a +0 leather armour.
Found a stone staircase leading down.
You now have 125 gold pieces (gained 7).
You now have 132 gold pieces (gained 7).
Menkaure shouts!
Menkaure gestures wildly while chanting.
Menkaure seems to speed up.
Menkaure is nearby!
Menkaure is nearby!
Menkaure is nearby!
Menkaure is nearby!
There is an open door here.
You start waiting.
Menkaure is nearby!
You hit Menkaure. You burn Menkaure.
Menkaure is lightly damaged.
Menkaure hits you!
You hit Menkaure but do no damage.
Menkaure is lightly damaged.
Menkaure misses you.
You hit Menkaure. You burn Menkaure.
Menkaure is moderately damaged.
Menkaure hits you.
Menkaure rustles in an indecipherable tongue.
You block Menkaure's attack.
You hit Menkaure. You burn Menkaure.
Menkaure is heavily damaged.
You block Menkaure's attack. Menkaure hits you!
* * * LOW HITPOINT WARNING * * *
You hit Menkaure. You burn Menkaure.
Menkaure is severely damaged.
Menkaure hits you!
You die...

#######............# #.....
.....#.............# #.....
...................# ##### #.....
................ .M###...# #.....
#...)........# #.##....# #...#.
,+............# #.##....###...#.
>#............# #.##............
#.......)....####.##.....###.##.
.##'##.#........@#.##.....###.##.
.................M............##.
...........###...#.##.......####.
.#..#..#...# #...#.##............
.#..#..#...# #...#.##..........#.
.#..#..###.###...#.##............
.#..#..# #.#....##.........###.#.
......####.#....#####.###..######
...)#......#................#


You could see Menkaure (fast).

Vanquished Creatures
  A scorpion (D:4)
  A jelly (D:4)
  An orc wizard (D:3)
  4 adders
  A worm (D:3)
  2 dart slugs (D:1)
  9 orcs
  8 endoplasms
  3 giant cockroaches
  11 goblins
  6 hobgoblins
  2 quokkas
  7 ball pythons
  7 bats
  5 frilled lizards
  6 kobolds
  3 rats
77 creatures vanquished.

Notes
Turn   | Place    | Note
-------+----------+-------------------------------------------
     0 | D:1      | siradein the Deep Dwarf Necromancer began the quest for the
                  | Orb.
     0 | D:1      | Reached XP level 1. HP: 15/15 MP: 3/3
   262 | D:1      | Reached XP level 2. HP: 4/24 MP: 2/4
   947 | D:1      | Reached XP level 3. HP: 30/30 MP: 1/5
   968 | D:1      | Learned a level 3 spell: Vampiric Draining
  1457 | D:2      | Reached skill level 1 in Armour
  1637 | D:2      | Noticed Sigmund
  2213 | D:3      | Reached skill level 5 in Necromancy
  2251 | D:3      | Reached skill level 1 in Fighting
  2362 | D:3      | Reached XP level 4. HP: 23/38 MP: 0/6
  2645 | D:3      | Found an ornate altar of the Wu Jian Council.
  3595 | D:4      | Reached skill level 1 in Maces & Flails
  3595 | D:4      | Reached XP level 5. HP: 44/44 MP: 0/7
  3708 | D:4      | Learned a level 4 spell: Animate Dead
  3828 | D:4      | Noticed Menkaure
  4025 | D:4      | Found a shadowy altar of Dithmenos.
  4283 | D:4      | Mangled by Menkaure

Illustrated notes

Levels and vault maps discovered:
D:1:      scummos_arrival_star, layout_loops_ring, serial_aquarium,
          aquarium_bridge_long_joined [aquarium_subvault_wall,
          aquarium_subvault_bridge, aquarium_subvault_wall,
          aquarium_subvault_window, aquarium_subvault_wall,
          aquarium_subvault_wall], aquarium_bridge_square
          [aquarium_subvault_bridge, aquarium_subvault_bridge,
          aquarium_subvault_wall, aquarium_subvault_wall],
          aquarium_window_double, aquarium_window_fake, aquarium_view_2e,
          aquarium_balcony_double_3
D:2:      layout_basic, uniq_sigmund
D:3:      layout_basic, overflow_temple_1_default, minmay_ruptured
D:4:      layout_basic, mainiacjoe_overflow_alcove_4,
          lemuel_mausoleum_altar_yredelemnul, serial_shops,
          nicolae_lakefront_shop, uniq_menkaure

Skill      XL: |  1  2  3  4  5 |
---------------+----------------+-----
Spellcasting   | 2 |  2.6
Armour         | 1 2 |  2.0
Necromancy     | 5 |  5.6
Fighting       | 1 |  1.6
Dodging        | 3 |  3.2
Maces & Flails | 1 |  1.4
Stealth        | |  2.4

Action                   |  1- 3 |  4- 6 || total
-------------------------+-------+-------++-------
Melee: Unarmed           |    34 |       ||    34
       Dagger            |    18 |       ||    18
       Whip              |    13 |       ||    13
       Club              |     5 |       ||     5
       Hand axe          |       |    61 ||    61
 Cast: Pain              |    47 |       ||    47
       Vampiric Draining |     7 |    24 ||    31
 Abil: Heal Wounds       |     1 |       ||     1
  Use: Scroll            |       |     3 ||     3
 Stab: Sleeping          |     1 |     2 ||     3
Armor: Robe              |    20 |       ||    20
       Ring mail         |    11 |       ||    11
       Leather armour    |     4 |    13 ||    17
Dodge: Dodged            |    71 |    41 ||   112
Block: Other             |       |     9 ||     9

Table legend: (Time is in decaauts)
 A = Elapsed time spent in this place.
 B = Non-inter-level travel time spent in this place.
 C = Inter-level travel time spent in this place.
 D = Time resting spent in this place.
 E = Time spent auto-exploring this place.
 F = Levels seen in this place.
 G = Mean time per level.
                   A        B        C        D        E       F      G
               +--------+--------+--------+--------+--------+-----+--------+
         Total |   4301 |   4261 |     40 |    168 |   3127 |   4 | 1075.2 |
       Dungeon |   4301 |   4261 |     40 |    168 |   3127 |   4 | 1075.2 |
               +--------+--------+--------+--------+--------+-----+--------+

Top non-repeatable levels by time:
     D:3: 1558 daAuts
     D:1: 1465 daAuts
     D:4: 706 daAuts
     D:2: 571 daAuts
